 Dungeon Crawl Stone Soup version 0.27-a0-1219-g958d993ae5 (webtiles) character file.

Game seed: 9157085566887254069

49 ryw the Ducker (level 3, -2/29 HPs)
             Began as a Demonspawn Monk on June 6, 2021.
             Slain by an adder (3 damage)
             ... on level 2 of the Dungeon.
             The game lasted 00:03:41 (2361 turns).

ryw the Ducker (Demonspawn Monk)                    Turns: 2361, Time: 00:03:42

Health: -2/29      AC:  2    Str:  9 (11) XL:     3   Next: 53%
Magic:  3/3        EV: 13    Int: 11 (12) God:
Gold:   196        SH:  0    Dex: 13 (15) Spells: 2/2 levels left

rFire    + . .     SeeInvis .   f - +2 short sword (vamp)
rCold    . . .     Faith    .   (no shield)
rNeg     . . .     Spirit   .   e - +0 robe
rPois    .         Reflect  .   (helmet restricted)
rElec    .         Harm     .   (no cloak)
rCorr    .         Rampage  .   (no gloves)
Will     +....                  (no boots)
Stlth    ++........             (no amulet)
HPRegen  0.09/turn              a - ring of protection from fire
MPRegen  0.08/turn              h - ring of willpower

@: no status effects
A: horns 1
a: no special abilities


You were on level 2 of the Dungeon.
You visited 1 branch of the dungeon, and saw 3 of its levels.

You collected 196 gold pieces.

Inventory:

Hand Weapons
 f - a +2 vampiric short sword (weapon)
Missiles
 d - 15 stones (quivered)
 k - 22 poisoned darts
Armour
 e - a +0 robe (worn)
Jewellery
 a - a ring of protection from fire (left hand)
 h - a ring of willpower (right hand)
Scrolls
 c - 2 scrolls of noise {unknown}
 g - a scroll of identify {unknown}
 i - 2 scrolls of fear {unknown}
Potions
 b - a potion of degeneration
 j - a potion of invisibility {unknown}
 l - a potion of heal wounds {unknown}
 m - a potion of might {unknown}


   Skills:
 + Level 3.0 Fighting
 + Level 0.9 Short Blades
 + Level 4.0 Dodging
 - Level 1.7 Stealth
 - Level 2.6 Unarmed Combat


You had 2 spell levels left.
You didn't know any spells.
Your spell library contained the following spells:

 Spells                   Type           Power      Damage    Failure   Level
 Animate Skeleton         Necr           0%         N/A       34%         1
 Apportation              Tloc           0%         N/A       34%         1
 Corona                   Hex            0%         N/A       34%         1
 Summon Small Mammal      Summ           0%         N/A       34%         1


Dungeon Overview and Level Annotations

Branches:
Dungeon (3/15)

Altars:


Innate Abilities, Weirdness & Mutations

You have a pair of small horns on your head.


Message History

The adder poisons you!
You feel sick.
You feel sick.
You feel sick. The adder bites you.
You are more poisoned.
The adder poisons you!
You feel sick.
You feel sick.
You feel sick. The adder misses you.
You feel sick.
You feel sick.
You feel sick.
You feel sick. The adder barely misses you.
You feel sick.
You are no longer poisoned.
The orc wizard mumbles some strange words.
The orc wizard flickers and vanishes!
Deactivating autopickup; reactivate with Ctrl-A.
The adder closely misses you.
There is a stone staircase leading up here.
The adder closely misses you. The adder bites you.
* * * LOW HITPOINT WARNING * * *
You are poisoned.
The adder poisons you!
You climb upwards.
Reactivating autopickup.
You feel sick.
There is a stone staircase leading down here.
You miss the adder.
You feel sick. The adder misses you.
You hit the adder but do no damage.
You feel sick.
You are no longer poisoned.
The adder closely misses you.
You miss the adder. The adder closely misses you. The adder misses you.
You miss the adder. The adder bites you.
* * * LOW HITPOINT WARNING * * *
It was a potion of degeneration.
There was something very wrong with that liquid.
You feel weakened.
You feel dopey.
You feel clumsy. The adder bites you.
You die...

...##≈≈†.≈≈##..#.#.##.#.#.#
...#≈≈#.##≈≈#..#......#...#
...#≈..#.#.≈#..#.##.#######
...#≈.#.#..≈#....##.#
...#≈≈##.#≈≈#....'..#
.####≈≈..≈≈##....#### .#
##≈≈≈≈##.....# .#
######......#
.#####..........@#####
.........##....S.....#
.........#####.......#
............##.......#
............##.......#
............##.......#
..........############
..........# .......####


You could see an adder.

Vanquished Creatures
  2 dart slugs
  3 ball pythons
  4 endoplasms
  2 giant cockroaches
  3 hobgoblins
  3 jackals (D:3)
  7 kobolds
  2 quokkas (D:2)
  5 bats (D:1)
  3 frilled lizards (D:1)
  2 goblins
  7 rats
43 creatures vanquished.

Notes
Turn   | Place    | Note
-------+----------+-------------------------------------------
     0 | D:1      | ryw the Demonspawn Monk began the quest for the Orb.
     0 | D:1      | Reached XP level 1. HP: 18/18 MP: 1/1
    77 | D:1      | Reached skill level 3 in Dodging
   463 | D:1      | Gained mutation: You have a pair of small horns on your
                  | head. [demonic ancestry]
   463 | D:1      | Reached XP level 2. HP: 22/24 MP: 2/2
   555 | D:1      | Found a faded altar of an unknown god.
  1367 | D:2      | Reached XP level 3. HP: 29/29 MP: 3/3
  2166 | D:3      | Reached skill level 4 in Dodging
  2360 | D:2      | HP: 1/29 [adder (2)]
  2361 | D:2      | Slain by an adder

Illustrated notes

Levels and vault maps discovered:
D:1:      lightli_arrival_statuegarden, layout_loops_ring,
          hellmonk_ecumenical_altar_inner_sanctum, minmay_misc_feat_columns
D:2:      layout_basic, kennysheep_generic_room_3
D:3:      layout_loops_corners, jmf_multi_god_temple2,
          hangedman_abyss_or_decor_stabs

Skill      XL: |  1  2  3 |
---------------+----------+-----
Dodging        | 3 4 |  4.0
Fighting       | |  3.0
Short Blades   | |  0.9
Stealth        | |  1.7
Unarmed Combat | |  2.6

Action                   || total
-------------------------++-------
Melee: Unarmed           ||    72
       Short sword       ||    68
       Headbutt          ||    16
       Punch             ||     2
  Use: Potion            ||     1
 Stab: Sleeping          ||     2
Armor: Robe              ||    36
Dodge: Dodged            ||   105

Table legend: (Time is in decaauts)
 A = Elapsed time spent in this place.
 B = Non-inter-level travel time spent in this place.
 C = Inter-level travel time spent in this place.
 D = Time resting spent in this place.
 E = Time spent auto-exploring this place.
 F = Levels seen in this place.
 G = Mean time per level.
                   A        B        C        D        E       F      G
               +--------+--------+--------+--------+--------+-----+--------+
         Total |   2361 |   2303 |     58 |    303 |   1605 |   3 |  787.0 |
       Dungeon |   2361 |   2303 |     58 |    303 |   1605 |   3 |  787.0 |
               +--------+--------+--------+--------+--------+-----+--------+

Top non-repeatable levels by time:
     D:1: 1352 daAuts
     D:2: 788 daAuts
     D:3: 221 daAuts
